 Dungeon Crawl Stone Soup version 0.19-a0-1071-g4ed3155 (webtiles) character file.

23687 4thArraOfDagon the Grappler (level 12, -11/99 HPs)
             Began as a Troll Arcane Marksman on Aug 5, 2016.
             Was a Priest of Ashenzari.
             Mangled by a slime creature (15 damage)
             ... summoned by a boggart
             ... on level 15 of the Dungeon.
             The game lasted 00:31:41 (5451 turns).

4thArraOfDagon the Grappler (Troll Arcane Marksman) Turns: 5451, Time: 00:31:42

Health: -11/99     AC:  8    Str: 24      XL:     12   Next: 74%
Magic:  0/12       EV:  7    Int: 12 (13) God:    Ashenzari [***...]
Gold:   448        SH: 24    Dex:  9      Spells: 0 memorised, 13 levels left

rFire  + . .     SeeInvis +       - Unarmed
rCold  + . .     Gourm    +     n - +1 robe {rC+}
rNeg   + . .     Faith    .     h - +2 large shield (curse)
rPois  .         Spirit   +     F - +1 hat {Spirit} (curse)
rElec  .         Dismiss  .     w - +0 cloak (curse)
rCorr  .         Reflect  +     (gloves unavailable)
SustAt .         Harm     .     (boots unavailable)
MR     .....     Rnd*Rage +     l - +3 amulet of reflection
Stlth  +......... Rnd*Tele +    z - ring of protection from fire
                                i - ring of positive energy

@:
A: unfitting armour, claws 3, berserk 1, deterioration 1, fast metabolism 3,
frail 1, gourmand, regeneration 2, shaggy fur 1, strong 1, teleportitis 1, tough
skin 2, MP-powered wands
a: Curse Item, Scrying, Renounce Religion


You were on level 15 of the Dungeon.
You worshipped Ashenzari.
Ashenzari was most pleased with you.
You were very full.

You visited 2 branches of the dungeon, and saw 16 of its levels.

You collected 448 gold pieces.

Inventory:

Missiles
 c - 20 large rocks (quivered)
Armour
 a - a +0 robe
 g - a troll hide
 h - a cursed +2 large shield (worn)
 n - a +1 robe of cold resistance (worn)
 u - a +1 hat
 w - a cursed +0 cloak (worn)
 F - a cursed +1 hat of spirit shield (worn)
Jewellery
 i - a ring of positive energy (left claw)
 l - a +3 amulet of reflection (around neck)
 t - an uncursed amulet of magic regeneration
 v - an uncursed ring of resist corrosion
 z - a ring of protection from fire (right claw)
 E - a +2 ring of dexterity
Wands
 m - a wand of random effects (11/48)
 o - a wand of iceblast (7/15)
 x - a wand of acid (10/15)
 J - a wand of polymorph (8/24)
 M - a wand of confusion (22/48)
Scrolls
 e - 3 scrolls of fog
 k - a scroll of amnesia
 y - a scroll of vulnerability {unknown}
 A - a scroll of remove curse
 B - a scroll of noise {unknown}
 G - 2 scrolls of immolation
 I - 3 scrolls of recharging
 L - a scroll of enchant armour {unknown}
Potions
 d - a potion of might
 p - 3 potions of magic
 q - a potion of cancellation
 r - a potion of beneficial mutation
 C - a potion of resistance {unknown}
 H - a potion of agility {unknown}
 K - a potion of degeneration {unknown}
 N - a potion of curing
Books
 b - a book of Debilitation

   Spells                             Type                      Level
   a - Corona                         Hexes                        1
   b - Slow                           Hexes                        2
   c - Gell's Gravitas                Hexes/Translocation          3
   d - Inner Flame                    Hexes/Fire                   3
   e - Cause Fear                     Hexes                        4
   f - Leda's Liquefaction            Hexes/Earth                  4
Comestibles
 f - 7 bread rations
 j - a beef jerky
 s - 4 meat rations
 D - 9 royal jellies


   Skills:
 + Level 5.1 Fighting
 - Level 1.7 Throwing
 + Level 6.0(7.9) Dodging
 * Level 11.0(12.7) Shields
 * Level 14.0 Unarmed Combat
 - Level 1.0 Spellcasting
   Level 2.0 Hexes


You had 13 spell levels left.
You didn't know any spells.

Dungeon Overview and Level Annotations

Branches:
Dungeon (15/15) Temple (1/1) D:4 Orc (0/2) D:11 Vaults (0/5) D:13 D:14 Lair: D:8-11 Depths: D:15

Altars:
Ashenzari
Dithmenos
Fedhas
Hepliaklqana
Kikubaaqudgha
Nemelex Xobeh
Okawaru
Pakellas
Qazlal
Sif Muna
Uskayaw
Vehumet
Yredelemnul
The Shining One
Beogh

Annotations:
D:5 4thArraOfDagon's ghost, amateur TrAM
D:9 LAIR
D:13 Rupert
D:14 Urug


Innate Abilities, Weirdness & Mutations

You are too large for most types of armour.
You have claws for hands.
Your metabolism is lightning-fast.
You like to eat raw meat.
You heal very quickly.
You are covered in fur. (AC +1)
You have very tough skin. (AC +2)
You tend to lose your temper in combat.
Your body sometimes deteriorates upon taking damage.
You are frail. (-10% HP)
Your muscles are strong. (Str +2)
You are occasionally teleported next to monsters.
You expend magic power (3 MP) to strengthen your wands.


Message History

Unknown command.
Unknown command.
Unknown command.
You block the freezing wraith's attack. x2
A boggart comes into view.
Unknown command.
Unknown command.
The slime creature hits you but does no damage.
Unknown command.
Unknown command.
The slime creature hits you!
* * * LOW HITPOINT WARNING * * *
Your body deteriorates!
You feel dopey.
The boggart mumbles some strange words.
There is an escape hatch in the ceiling here.
Unknown command.
Unknown command.
Unknown command.
The slime creature hits you!
You die...

* ########### ,
...........# *
............# ,,, ,
...........@# *
*.........gJJ# *
......z..c.W# ≈
.......czCZW# * * ≈
#......cczTpJ# ,
,#.....c..gz.g# ..
,
#..%..$.(cQgW##..#,
* ,
+...........g..{..
,,#............##..
*


You could see a death knight, a skeletal warrior, a large slime creature, 2
slime creatures, a hill giant, a tengu warrior, a freezing wraith, a troll, 2
wraiths, 6 centaurs, 5 boggarts, 3 wights and a centaur skeleton.

Vanquished Creatures
  Gastronok (D:8)
  3 centaur warriors
  Erica (D:8)
  An unseen horror (D:14)
  A hill giant (D:10)
  The ghost of 4thArraOfDagon the Grappler, a novice TrAM of Ashenzari (D:6)
  2 deep elf magi
  4 cyclopes
  A slime creature (D:15)
  Joseph (D:7)
  A manticore (D:12)
  Psyche (D:8)
  A centaur zombie (D:15)
  3 gargoyles
  3 trolls
  A harpy skeleton (D:14)
  A two-headed ogre (shapeshifter) (D:13)
  A two-headed ogre (D:13)
  Sigmund (D:6)
  A shadow (D:11)
  A water elemental (D:13)
  A wyvern (D:15)
  A wraith (D:13)
  9 humans
  6 yaks (D:14)
  4 hippogriffs
  2 hungry ghosts (D:13)
  A soldier ant (D:8)
  A water moccasin (D:13)
  5 orc warriors
  2 phantoms
  3 ice beasts
  An eye of draining (D:13)
  3 wasps
  A sky beast (D:7)
  A necrophage (D:8)
  5 ogres
  13 centaurs
  A crocodile (D:9)
  2 giant frogs
  A big kobold (D:10)
  A wyvern skeleton (D:6)
  3 scorpions
  20 killer bees
  A wight (D:11)
  6 crimson imps
  2 giant frog zombies
  Crazy Yiuf (D:7)
  6 hounds
  2 jellies
  5 orc priests
  2 centaur skeletons
  2 giant frog skeletons
  3 iguanas
  7 orc wizards
  5 worker ants
  2 worker ant zombies
  8 gnolls
  A howler monkey skeleton (D:7)
  8 adders
  3 adder skeletons
  A worm (D:8)
  3 giant geckos
  44 orcs
  5 giant cockroaches
  5 goblins
  4 hobgoblins
  2 jackals (D:6)
  6 kobolds
  2 quokkas
  A ball python (D:2)
  A ball python skeleton (D:6)
  2 bats
  2 giant newts
  A quokka skeleton (D:8)
  3 rats
264 creatures vanquished.

Vanquished Creatures (others)
  An ogre mage (D:11)
  2 centaur warriors
  4 centaurs
7 creatures vanquished.

Grand Total: 271 creatures vanquished

Notes
Turn   | Place    | Note
-------+----------+-------------------------------------------
     0 | D:1      | 4thArraOfDagon the Troll Arcane Marksman began the quest for the Orb.
     0 | D:1      | Reached XP level 1. HP: 18/18 MP: 1/1
    69 | D:3      | Reached skill level 1 in Unarmed Combat
    78 | D:3      | Reached XP level 2. HP: 19/26 MP: 2/2
    88 | D:3      | Reached skill level 2 in Unarmed Combat
   145 | D:3      | Reached XP level 3. HP: 20/32 MP: 3/3
   160 | D:4      | Found a staircase to the Ecumenical Temple.
   168 | Temple   | Entered the Ecumenical Temple
   211 | Temple   | Became a worshipper of Ashenzari the Shackled
   279 | D:2      | Reached skill level 3 in Unarmed Combat
   851 | D:4      | Reached XP level 4. HP: 40/40 MP: 4/4
   855 | D:4      | Reached skill level 4 in Unarmed Combat
   909 | D:5      | Entered Level 5 of the Dungeon
   996 | D:5      | Reached XP level 5. HP: 42/46 MP: 5/5
  1006 | D:5      | Reached skill level 5 in Unarmed Combat
  1013 | D:5      | Noticed 4thArraOfDagon's ghost (amateur TrAM)
  1113 | D:6      | Reached skill level 1 in Shields
  1126 | D:6      | Noticed 4thArraOfDagon's ghost (novice TrAM)
  1186 | D:6      | Noticed a centaur
  1201 | D:6      | Killed a centaur
  1201 | D:6      | Reached XP level 6. HP: 35/54 MP: 6/6
  1269 | D:6      | Noticed Sigmund
  1281 | D:6      | Killed Sigmund
  1281 | D:6      | Reached skill level 6 in Unarmed Combat
  1281 | D:6      | Reached XP level 7. HP: 61/61 MP: 7/7
  1397 | D:5      | Found a runed door.
  1403 | D:5      | Reached * piety under Ashenzari
  1521 | D:5      | Reached skill level 7 in Unarmed Combat
  1605 | D:5      | Found a roughly hewn altar of Beogh.
  1772 | D:7      | Found a runed door.
  1776 | D:7      | Noticed Crazy Yiuf
  1781 | D:7      | Killed Crazy Yiuf
  1867 | D:7      | Found a stormy altar of Qazlal.
  1924 | D:7      | Reached XP level 8. HP: 68/68 MP: 8/8
  1962 | D:7      | Noticed Joseph
  1977 | D:7      | Gained mutation: Your body sometimes deteriorates upon taking damage. [potion of mutation]
  1977 | D:7      | Gained mutation: You are frail. (-10% HP) [potion of mutation]
  1977 | D:7      | Gained mutation: You tend to lose your temper in combat. [potion of mutation]
  1978 | D:7      | Gained mutation: Your muscles are strong. (Str +2) [potion of mutation]
  1978 | D:7      | Gained mutation: You are occasionally teleported next to monsters. [potion of mutation]
  1978 | D:7      | Gained mutation: You expend magic power (3 MP) to strengthen your wands. [potion of mutation]
  1979 | D:7      | WHY
  1998 | D:7      | Killed Joseph
  1998 | D:7      | Reached skill level 5 in Shields
  1998 | D:7      | Reached skill level 8 in Unarmed Combat
  2138 | D:8      | Noticed Psyche
  2172 | D:8      | Killed Psyche
  2172 | D:8      | Reached skill level 9 in Unarmed Combat
  2172 | D:8      | Reached XP level 9. HP: 37/67 MP: 9/9
  2174 | D:8      | Noticed Gastronok
  2384 | D:6      | Killed 4thArraOfDagon's ghost
  2483 | D:6      | Reached skill level 10 in Unarmed Combat
  2994 | D:8      | Noticed Erica
  3006 | D:8      | Killed Erica
  3006 | D:8      | Reached XP level 10. HP: 74/74 MP: 10/10
  3051 | D:8      | Reached skill level 11 in Unarmed Combat
  3107 | D:8      | Killed Gastronok
  3148 | D:9      | Reached ** piety under Ashenzari
  3314 | D:9      | Reached skill level 1 in Fighting
  3358 | D:7      | Found an ancient bone altar of Kikubaaqudgha.
  3358 | D:7      | Found a shadowy altar of Dithmenos.
  3631 | D:10     | Entered Level 10 of the Dungeon
  3702 | D:9      | Reached XP level 11. HP: 83/83 MP: 11/11
  4004 | D:10     | Reached skill level 12 in Unarmed Combat
  4101 | D:11     | Noticed a hill giant
  4111 | D:10     | Killed a hill giant
  4148 | D:11     | Noticed a deep elf mage
  4154 | D:11     | Killed a deep elf mage
  4160 | D:11     | Noticed an ogre mage
  4168 | D:11     | Found a staircase to the Orcish Mines.
  4175 | D:11     | Killed an ogre mage
  4208 | D:11     | Noticed a war gargoyle
  4218 | D:11     | Found an iron altar of Okawaru.
  4520 | D:13     | Reached *** piety under Ashenzari
  4653 | D:14     | Noticed a death knight
  4653 | D:14     | Noticed a centaur warrior
  4653 | D:14     | Noticed a centaur warrior
  4677 | D:14     | Noticed an unseen horror
  4725 | D:14     | Killed an unseen horror
  4811 | D:14     | Killed a centaur warrior
  4811 | D:14     | Reached skill level 5 in Dodging
  4811 | D:14     | Reached skill level 10 in Shields
  4811 | D:14     | Reached skill level 13 in Unarmed Combat
  4834 | D:14     | Noticed a deep elf mage
  4836 | D:14     | Killed a centaur warrior
  4845 | D:14     | Killed a deep elf mage
  4845 | D:14     | Reached XP level 12. HP: 63/96 MP: 8/12
  4883 | D:14     | Noticed a centaur warrior
  4899 | D:14     | Noticed Rupert
  4903 | D:14     | Noticed Urug
  4912 | D:14     | Killed a centaur warrior
  4983 | D:14     | Found a gate to the Vaults.
  5303 | D:13     | Noticed a centaur warrior
  5309 | D:13     | Killed a centaur warrior
  5384 | D:15     | Entered Level 15 of the Dungeon
  5384 | D:15     | Noticed a tengu warrior
  5417 | D:15     | Reached skill level 5 in Fighting
  5430 | D:15     | Noticed a centaur warrior
  5438 | D:15     | Killed a centaur warrior
  5438 | D:15     | Reached skill level 14 in Unarmed Combat
  5443 | D:15     | Noticed a death knight
  5450 | D:15     | HP: 3/99 [slime creature[a boggart] (12)]
  5451 | D:15     | Mangled by a slime creature

Vault maps used:
D:1:      dpeg_arrival_water_fire, grunt_decor_one_mirror
D:2:      serial_forest, infiniplex_forest_lined_room_,
          infiniplex_forest_lined_corner, infiniplex_forest_pool,
          infiniplex_forest_clump_tiny, infiniplex_forest_clump_tiny,
          infiniplex_forest_corner_1, infiniplex_forest_clump_small
D:3:      gammafunk_temple_overflow_claw, fedhas_altar_3
D:4:      first_bread, grunt_nemelex_the_gamble, uniq_grinder, uniq_robin,
          uniq_eustachio, uniq_blork_the_orc
D:5:      lightli_church_of_beogh
D:6:      uniq_sigmund
D:7:      nicolae_overflow_hidden_temple, uniq_joseph, uniq_crazy_yiuf_cottage
D:8:      hangedman_pestilent_swarm, uniq_psyche, uniq_gastronok, uniq_erica
D:9:      erik_lair_dragon
D:11:     minmay_sliced_demisemicircle, orc_0_dummy, basic_altar
D:13:     serial_bayou_pond_b
D:14:     david_vaults_3, tso_altar, st_stairs_10, minmay_misc_feat_plants
D:15:     hangedman_depths_entry_civil_slaughter, serial_shops, shop,
          okawaru_ov_weapons_minmay, eino_curves_04, minivault_4
Temple:   eino_temple_rhombus

Skill      XL: |  1  2  3  4  5  6  7  8  9 10 11 12 |
---------------+-------------------------------------+-----
Unarmed Combat | 1 2 3 4 5 6 7 9 10 11 13 14 | 14.0
Shields        | 1 2 4 6 7 9 10 11 | 11.0
Dodging        | 2 4 5 6 |  6.0
Fighting       | 1 3 5 |  5.1
Throwing       | |  1.7
Spellcasting   | |  1.0
Hexes          | |  2.0

Action                   |  1- 3 |  4- 6 |  7- 9 | 10-12 || total
-------------------------+-------+-------+-------+-------++-------
Melee: Unarmed           |   104 |    65 |   345 |   582 ||  1096
       Punch             |     1 |       |       |       ||     1
Throw: Large rock        |       |     2 |     1 |     2 ||     5
       Throwing net      |       |       |     4 |       ||     4
Invok: Curse Item        |       |     1 |     2 |     1 ||     4
       Scrying           |       |       |       |     1 ||     1
Evoke: Wand              |       |       |     3 |     2 ||     5
  Use: Scroll            |     1 |     3 |     4 |     9 ||    17
       Potion            |       |       |     4 |     2 ||     6
 Stab: Paralysed         |       |       |     2 |       ||     2
       Sleeping          |       |       |       |     1 ||     1
  Eat: Chunk             |    11 |     6 |    15 |    29 ||    61
       Pizza             |       |       |       |     1 ||     1
Armor: Robe              |    54 |    13 |    43 |    87 ||   197
       Skin              |       |       |       |    25 ||    25
Dodge: Dodged            |    52 |    11 |    26 |   122 ||   211
Block: Other             |     4 |     1 |       |       ||     5
       Large shield      |       |    36 |   249 |   695 ||   980
       Reflection        |       |       |     7 |    66 ||    73
